 Dungeon Sprint DCSS version 0.29-a0-723-gce39da1c22 (webtiles) character file.

Game seed: 7810509441838629444

9037 zeratav the Spry (level 11, 0/66 HPs)
             Began as a Spriggan Brigand on June 28, 2022.
             Was the Champion of Wu Jian.
             Slain by a 12-headed hydra (7 damage)
             ... while paralysed by a floating eye
             ... in the Dungeon (Sprint I: "Red Sonja").
             The game lasted 00:18:45 (3352 turns).

zeratav the Spry (Spriggan Brigand)                 Turns: 3352, Time: 00:18:46

Health: 0/66       AC:  6    Str:  7    XL:     11   Next: 17%
Magic:  12/12      EV:  4    Int: 14    God:    Wu Jian [******]
Gold:   584        SH:  0    Dex: 22    Spells: 10/10 levels left

rFire   + . .      SeeInvis +   r - +11 dagger "Ladduut" {vorpal, Dex+2 SInv, short}
rCold   + . .      Faith    .   (no shield)
rNeg    . . .      Spirit   .   n - +2 robe {rC+ rF+}
rPois   .          Reflect  .   s - +2 hat
rElec   .          Harm     .   l - scarf {repulsion}
rCorr   .          Rampage  .   (gloves unavailable)
Will    +....      NoTele   +   (boots unavailable)
Stlth   ++++++....              (no amulet)
HPRegen 0.21/turn               (no ring)
MPRegen 0.13/turn               (no ring)

@: paralysed, repel missiles, very quick
A: very small, no large weapons, unfitting armour, see invisible, speed 3
a: Renounce Religion, Wall Jump, Serpent's Lash, Heavenly Storm


You were in the Dungeon.
You worshipped Wu Jian.
Wu Jian was exalted by your worship.
You visited 1 branch You collected 1758 gold pieces.
You spent 1174 gold pieces at shops.


Innate Abilities, Weirdness & Mutations

You are very small and have problems with some larger weapons.
You are too small for most types of armour.
You have supernaturally acute eyesight. (SInv)
You cover ground extremely quickly. (Speed+++)


   Skills:
 - Level 12.0 Fighting
 + Level 9.8(10.4) Short Blades
 + Level 4.1(6.3) Long Blades
 - Level 6.0 Throwing
 - Level 6.0 Armour
 - Level 20.0 Dodging
 - Level 15.0 Stealth
 - Level 10.0 Evocations


You had 10 spell levels left.
You didn't know any spells.
Your spell library was empty.

Inventory:

Hand Weapons
 a - the +8 falchion "Doowin" {drain, rPois Int+4 Dex+2 SInv, long}
   (You bought it in a shop in the Dungeon)

   A truly terrible weapon, it drains the life of any living foe it strikes.
   Int:       It affects your intelligence (+4).
   Dex:       It affects your dexterity (+2).
   rPois:     It protects you from poison.
   SInv:      It lets you see invisible.
 r - the +11 dagger "Ladduut" (weapon) {vorpal, Dex+2 SInv, short}
   (You bought it in a shop in the Dungeon)

   It inflicts extra damage upon your enemies.
   Dex:       It affects your dexterity (+2).
   SInv:      It lets you see invisible.
Missiles
 d - 12 poisoned darts (quivered) {throwing}
 e - 7 curare-tipped darts {=fthrowing}
Armour
 l - a scarf of repulsion (worn)
   (You bought it in a shop in the Dungeon)
 n - a +2 robe of resistance (worn)
   (You bought it in a shop in the Dungeon)
 s - a +2 hat (worn)
   (You bought it in a shop in the Dungeon)
Wands
 j - a wand of mindburst (7)
   (You took it off Ijyb in the Dungeon)
 m - a wand of polymorph (5)
   (You took it off Sonja in the Dungeon)
 q - a wand of iceblast (6)
   (You found it in the Dungeon)
Scrolls
 b - a scroll of enchant armour {unknown}
 k - a scroll of blinking {!r}
 o - a scroll of identify {unknown}
Potions
 c - a potion of lignification {unknown}
 f - 5 potions of curing {@q1}
 g - a potion of heal wounds {@q2}
 i - 2 potions of magic
 p - a potion of flight {unknown}

Dungeon Overview and Level Annotations

Branches:
Dungeon (1/1) Zot: 27000

Altars:
Cheibriados
Dithmenos
Elyvilon
Fedhas
Gozag
Hepliaklqana
Kikubaaqudgha
Makhleb
Nemelex Xobeh
Okawaru
Qazlal
Ru
Sif Muna
Trog
Uskayaw
Vehumet
Wu Jian
Xom
Yredelemnul
Zin
The Shining One
Jiyva
Lugonu

Shops:
D

[**(((=(*[[[:(([(
#####################
..#)(#§§§.††.§§§@DG$#
..##'#§####.§§§§##$.+
..'§§#.# ##.§§######
###.§§§# ###+# [(##
.##§#### #.##$$$#
.#..§ #..###$# §#°§§
##.#A#$# '###○
#..###$# .'.#○
#.##..$#


You could see a 12-headed hydra and a floating eye.


Message History

You barely miss the hog. The hog bites you but does no damage.
You hit the hog. You puncture the hog! The hog completely misses you.
You hit the hog. The hog misses you.
You closely miss the hog. The hog completely misses you.
You puncture the hog!
You kill the hog!
The Council accepts your kill.
You puncture the hog! The hog closely misses you.
HP[+1]
You hit the hog. You hit the hog. The hog completely misses you.
You closely miss the hog. The hog completely misses you.
You closely miss the hog. You puncture the hog!
You kill the hog!
The Council accepts your kill.
You lunge at the hog.
You puncture the hog! The hog misses you. The hog completely misses you.
There is an open door, spattered with blood here.
Things that are here:
a hog corpse; a hog corpse; a hog corpse You closely miss the hog.
The hog completely misses you. The hog misses you.
You hit the hog. The hog completely misses you.
You puncture the hog! The hog completely misses you.
HP[+1]
You completely miss the hog. The hog completely misses you. x2
You hit the hog. You puncture the hog!
You kill the hog!
The Council accepts your kill. The hog completely misses you.
You spin and attack the hog repeatedly.
You barely miss the hog. x2
The hog barely misses you.
You see here a hog corpse.
You spin and attack the hog.
You puncture the hog! The hog completely misses you.
HP[+1]
You open the door.
A 12-headed hydra and a floating eye come into view.
The floating eye moves out of view.
You close the door.
The hog bites you.
HP[-6]
You take 6 damage, and now have 50/66 hp.
You open the door. The hog completely misses you. x2
You close the door.
The hog bites you but does no damage.
You puncture the hog! The hog completely misses you.
HP[+1]
You puncture the hog!
You kill the hog!
The Council accepts your kill.
Your base Long Blades skill increases to level 4!
You see here a hog corpse.
There is an open door, spattered with blood here.
Things that are here:
a hog corpse; a hog corpse; a hog corpse HP[+1]
You start resting.
HP[+14]
Your hp is fully restored (66).
There is an open door, spattered with blood here.
Things that are here:
a hog corpse; a hog corpse; a hog corpse You see here a hog corpse.
You open the door.
There is an open door here.
A daeva comes into view.
It is wielding a +5 eudemon blade of holy wrath.
The daeva shouts!
The daeva calls down the wrath of the Shining One upon you.
The Shining One smites you!
HP[-11]
You take 11 damage, and now have 55/66 hp.
HP[+1] 3 unseen horrors come into view.
There is an open door here.
You close the door.
HP[+1]
You start resting.
HP[+9]
Your hp is fully restored (66).
As you open the door, it creaks loudly!
The 12-headed hydra roars!
The floating eye seems to glare at you.
You hit the 12-headed hydra.
The floating eye gazes piercingly through you!
You suddenly lose the ability to move!
The 12-headed hydra bites you. The 12-headed hydra bites you!
The 12-headed hydra bites you. The 12-headed hydra bites you!
The 12-headed hydra bites you. The 12-headed hydra bites you!
* * * LOW HITPOINT WARNING * * *
The 12-headed hydra bites you!
* * * LOW HITPOINT WARNING * * *
The 12-headed hydra bites you.
* * * LOW HITPOINT WARNING * * *
The 12-headed hydra bites you but does no damage.
The 12-headed hydra bites you.
* * * LOW HITPOINT WARNING * * *
The 12-headed hydra bites you.
* * * LOW HITPOINT WARNING * * *
The 12-headed hydra bites you!
You die...

Skill      XL: |  1  2  3  4  5  6  7  8  9 10 11 |
---------------+----------------------------------+-----
Fighting       | 3 6 8 12 | 12.0
Stealth        | 8 10 13 15 | 15.0
Short Blades   | 7 8 9 |  9.8
Dodging        | 15 20 | 20.0
Throwing       | 6 |  6.0
Evocations     | 10 | 10.0
Armour         | 6 |  6.0
Long Blades    | 1 4 |  4.1

Action                   |  1- 3 |  4- 6 |  7- 9 | 10-12 || total
-------------------------+-------+-------+-------+-------++-------
Melee: Dagger            |     9 |     7 |    17 |   316 ||   349
       Punch             |     1 |       |       |     4 ||     5
Throw: Dart              |       |     6 |     9 |       ||    15
Invok: Lunge             |       |     3 |    11 |    28 ||    42
       Whirlwind         |       |       |       |    39 ||    39
       Serpent's Lash    |       |       |       |     3 ||     3
Evoke: Wand              |       |     3 |     8 |       ||    11
  Use: Potion            |     1 |       |       |     1 ||     2
       Scroll            |       |       |     1 |       ||     1
 Stab: Sleeping          |     1 |     2 |     7 |     6 ||    16
       Distracted        |       |       |       |     3 ||     3
Armor: Robe              |     2 |       |     5 |    11 ||    18
Dodge: Dodged            |     3 |     5 |    29 |   244 ||   281

Levels and vault maps discovered:
D:        dungeon_sprint_1 [red_sonja_temple_1, red_sonja_temple_small_1]

Notes
Turn   | Place    | Note
-------+----------+-------------------------------------------
     0 | D        | zeratav the Spriggan Brigand began the quest for the Orb.
     0 | D        | Reached XP level 1. HP: 10/10 MP: 2/2
     0 | D        | magus.rc [v1.9.6]
     2 | D        | Noticed Ijyb
    13 | D        | Killed Ijyb
    14 | D        | Reached skill level 3 in Fighting
    14 | D        | Reached skill level 8 in Stealth
    14 | D        | Reached XP level 2. HP: 15/17 MP: 3/3
   234 | D        | Noticed an ogre
   237 | D        | Killed an ogre
   238 | D        | Reached skill level 6 in Fighting
   238 | D        | Reached skill level 10 in Stealth
   238 | D        | Reached XP level 3. HP: 24/24 MP: 4/4
   238 | D        | Reached XP level 4. HP: 28/28 MP: 5/5
   246 | D        | Noticed Sigmund
   270 | D        | Killed Sigmund
   271 | D        | Reached skill level 8 in Fighting
   271 | D        | Reached skill level 7 in Short Blades
   271 | D        | Reached XP level 5. HP: 21/34 MP: 6/6
   271 | D        | Reached XP level 6. HP: 24/39 MP: 7/7
   399 | D        | Found an ornate altar of the Wu Jian Council.
   399 | D        | Found a shimmering blue altar of Sif Muna.
   401 | D        | Found a radiant altar of Vehumet.
   404 | D        | Became a worshipper of the Wu Jian Council
   412 | D        | Reached skill level 8 in Short Blades
   412 | D        | Reached skill level 2 in Dodging
   460 | D        | Found Kauttug's General Store.
   460 | D        | Found an ancient bone altar of Kikubaaqudgha.
   460 | D        | Found a hazy altar of Hepliaklqana.
   460 | D        | Found a stormy altar of Qazlal.
   460 | D        | Found a hide-covered altar of Uskayaw.
   460 | D        | Found a blossoming altar of Fedhas.
   460 | D        | Found a bloodstained altar of Trog.
   460 | D        | Found an iron altar of Okawaru.
   460 | D        | Found a basalt altar of Yredelemnul.
   460 | D        | Found a glowing golden altar of the Shining One.
   460 | D        | Found a snail-covered altar of Cheibriados.
   460 | D        | Found a sacrificial altar of Ru.
   460 | D        | Found a glowing silver altar of Zin.
   460 | D        | Found a shadowy altar of Dithmenos.
   460 | D        | Found a white marble altar of Elyvilon.
   460 | D        | Noticed a yak
   461 | D        | Found an opulent altar of Gozag.
   461 | D        | Killed a yak
   462 | D        | Reached skill level 9 in Dodging
   462 | D        | Found a sparkling altar of Nemelex Xobeh.
   486 | D        | Noticed Sonja
   489 | D        | Killed Sonja
   489 | D        | Reached * piety under Wu Jian
   490 | D        | Reached skill level 15 in Dodging
   490 | D        | Reached XP level 7. HP: 43/43 MP: 8/8
   530 | D        | Found Naosej's Armour Boutique.
   538 | D        | Bought a scarf of repulsion for 120 gold pieces
   686 | D        | Noticed a deep troll
   727 | D        | Killed a deep troll
   728 | D        | Reached skill level 6 in Throwing
   728 | D        | Reached skill level 13 in Stealth
   728 | D        | Reached XP level 8. HP: 47/47 MP: 9/9
   767 | D        | Found Xuvua's Armour Emporium.
   772 | D        | Bought a +2 robe of resistance for 377 gold pieces
   808 | D        | Found a burning altar of Makhleb.
   808 | D        | Found a viscous altar of Jiyva.
   808 | D        | Found a shimmering altar of Xom.
   808 | D        | Found a corrupted altar of Lugonu.
   808 | D        | Noticed a slime creature
   810 | D        | Killed a slime creature
   811 | D        | Reached skill level 15 in Stealth
   811 | D        | Reached skill level 1 in Evocations
   847 | D        | Noticed a centaur warrior
   850 | D        | Noticed a centaur warrior
   855 | D        | Killed a centaur warrior
   855 | D        | Reached ** piety under Wu Jian
   856 | D        | Reached skill level 10 in Evocations
   856 | D        | Reached XP level 9. HP: 16/51 MP: 10/10
   857 | D        | Killed a centaur warrior
   858 | D        | Reached skill level 10 in Fighting
  1089 | D        | Noticed an oklob plant
  1090 | D        | Killed an oklob plant
  1091 | D        | Reached skill level 11 in Fighting
  1098 | D        | Reached *** piety under Wu Jian
  1121 | D        | Noticed an unseen horror
  1121 | D        | Noticed an unseen horror
  1152 | D        | Reached skill level 12 in Fighting
  1206 | D        | Reached **** piety under Wu Jian
  1207 | D        | Reached XP level 10. HP: 62/62 MP: 11/11
  1208 | D        | Reached skill level 1 in Armour
  1209 | D        | Reached skill level 2 in Armour
  1260 | D        | Reached ***** piety under Wu Jian
  1295 | D        | Reached skill level 3 in Armour
  1299 | D        | Found Noriem's Antique Weapon Shoppe.
  1300 | D        | Found Uvve Ug Epag's Antique Weapon Boutique.
  1300 | D        | Found Mouxusae's General Store.
  1300 | D        | Found Kiunosh's Antique Weapon Emporium.
  1374 | D        | Reached skill level 4 in Armour
  1388 | D        | Reached skill level 5 in Armour
  1460 | D        | Reached skill level 6 in Armour
  1573 | D        | Found Joegamm's Antique Weapon Boutique.
  1574 | D        | Found Qietimur's Weapon Emporium.
  1609 | D        | Found Luptetaw's Antique Weapon Emporium.
  1609 | D        | Found Hoprulu's Jewellery Shop.
  1609 | D        | Found Nuanun's Antique Weapon Shoppe.
  1609 | D        | Found Ucranapp's Assorted Antiques.
  1609 | D        | Found Elleban's Antique Armour Emporium.
  1609 | D        | Found Fugaxkogh's Antique Armour Shop.
  1609 | D        | Found Enovea's Armour Shoppe.
  1613 | D        | Found Plog's Book Boutique.
  1616 | D        | Bought a transparent dagger for 161 gold pieces
  1616 | D        | Identified the +11 dagger "Ladduut" {vorpal, Dex+2 SInv}
                  | (You bought it in a shop in the Dungeon)
  1646 | D        | Bought a twisted falchion for 216 gold pieces
  1646 | D        | Identified the +8 falchion "Doowin" {drain, rPois Int+4
                  | Dex+2 SInv} (You bought it in a shop in the Dungeon)
  1648 | D        | Bought a +2 hat for 160 gold pieces
  1658 | D        | Bought a large jade amulet for 140 gold pieces
  1730 | D        | Noticed a shining eye
  1730 | D        | Noticed a shining eye
  1730 | D        | Noticed a shining eye
  1730 | D        | Noticed a shining eye
  1730 | D        | Noticed a shining eye
  1730 | D        | Noticed a shining eye
  1782 | D        | Noticed a rust devil
  1800 | D        | Noticed an orange demon
  1870 | D        | Reached ****** piety under Wu Jian
  1871 | D        | Reached skill level 16 in Dodging
  2081 | D        | Noticed a lindwurm
  2096 | D        | Killed a lindwurm
  2097 | D        | Reached skill level 17 in Dodging
  2329 | D        | Noticed a lorocyproca
  2376 | D        | HP: 1/62 [lorocyproca (30)]
  2379 | D        | Killed a lorocyproca
  2379 | D        | Reached skill level 19 in Dodging
  3090 | D        | Noticed a gargoyle
  3111 | D        | Killed a gargoyle
  3144 | D        | Reached skill level 20 in Dodging
  3150 | D        | Reached skill level 1 in Long Blades
  3150 | D        | Reached XP level 11. HP: 60/66 MP: 12/12
  3160 | D        | Reached skill level 2 in Long Blades
  3172 | D        | Reached skill level 9 in Short Blades
  3177 | D        | Reached skill level 3 in Long Blades
  3202 | D        | Noticed a 12-headed hydra
  3208 | D        | Reached skill level 4 in Long Blades
  3292 | D        | Noticed a daeva
  3352 | D        | Paralysed by a floating eye for 3 turns
  3352 | D        | HP: 13/66 [12-headed hydra (4)]
  3352 | D        | Slain by a 12-headed hydra

Vanquished Creatures
  A lorocyproca (D)
  2 centaur warriors (D)
  Sonja (D)
  A deep troll (D)
  A lindwurm (D)
  An oklob plant (D)
  2 kobold demonologists (D)
  A gargoyle (D)
  2 unseen horrors (D)
  A hornet (D)
  A slime creature (D)
  Sigmund (D)
  A yak (D)
  13 hogs (D)
  2 redbacks (D)
  3 floating eyes (D)
  An ogre (D)
  7 necrophages (D)
  8 jellies (D)
  Ijyb (D)
51 creatures vanquished.

Vanquished Creatures (others)
  2 ballistomycete spores (D)
2 creatures vanquished.

Grand Total: 53 creatures vanquished

Table legend:
 A = Non-vault XP
 B = Vault XP
 C = Vault XP percentage of total XP
 D = Non-vault monster count
 E = Vault monster count
 F = Vault count percentage of total count
                 A         B        C        D         E       F
            +---------+---------+-------+---------+---------+-------
      Total |       0 |   12911 | 100.0 |       0 |      51 | 100.0
            +---------+---------+-------+---------+---------+-------
          D |       0 |   12911 | 100.0 |       0 |      51 | 100.0
            +---------+---------+-------+---------+---------+-------

Illustrated notes

Table legend:
 A = Kills in this place as a percentage of kills in entire the game.
 B = Kills by you in this place as a percentage of kills by you in the entire game.
 C = Kills by friends in this place as a percentage of kills by friends in the entire game.
 D = Other kills in this place as a percentage of other kills in the entire game.
 E = Experience gained in this place as a percentage of experience gained in the entire game.
 F = Experience gained in this place divided by the number of levels of this place that you have seen.
                   A       B       C       D       E      F
               +-------+-------+-------+-------+-------+----------------------
         Total | 100.0 | 100.0 |   N/A |   N/A | 100.0 | 12911.0
       Dungeon | 100.0 | 100.0 |   N/A |   N/A | 100.0 | 12911.0
               +-------+-------+-------+-------+-------+----------------------

Table legend: (Time is in decaauts)
 A = Elapsed time spent in this place.
 B = Non-inter-level travel time spent in this place.
 C = Inter-level travel time spent in this place.
 D = Time resting spent in this place.
 E = Time spent auto-exploring this place.
 F = Levels seen in this place.
 G = Mean time per level.
                   A        B        C        D        E       F      G
               +--------+--------+--------+--------+--------+-----+--------+
         Total |   2819 |   2793 |     26 |   1674 |      0 |   1 | 2819.0 |
       Dungeon |   2819 |   2793 |     26 |   1674 |      0 |   1 | 2819.0 |
               +--------+--------+--------+--------+--------+-----+--------+

Top non-repeatable levels by time:
       D: 2819 daAuts
